 Dungeon Crawl Stone Soup version 0.23.2-1-ga50397a (webtiles) character file.

Game seed: 16429067284875183451

21091 IBeShadow the Warrior (level 12, -1/119 HPs)
             Began as a Minotaur Berserker on May 13, 2019.
             Was an Elder of Trog.
             Slain by a six-headed hydra (2 damage)
             ... on level 5 of the Lair of Beasts.
             The game lasted 00:27:03 (16539 turns).

IBeShadow the Warrior (Minotaur Berserker)         Turns: 16539, Time: 00:27:04

Health: -1/119     AC: 11    Str: 27    XL:     12   Next: 51%
Magic:  0/16       EV: 15    Int:  4    God:    Trog [****..]
Gold:   1249       SH:  0    Dex: 13    Spells: 11/11 levels left

rFire    . . .     SeeInvis .   R - +1 executioner's axe (vamp)
rCold    + . .     Gourm    +   (shield currently unavailable)
rNeg     . . .     Faith    .   m - +3 scale mail {rC+}
rPois    .         Spirit   +   (helmet restricted)
rElec    .         Reflect  .   P - scarf {Spirit}
rCorr    .         Harm     .   H - +1 pair of gloves
MR       .....                  (no boots)
Stlth    ..........             j - amulet of the gourmand
HPRegen  0.29/turn              w - +4 ring of evasion
MPRegen  0.15/turn              v - +3 ring of dexterity

@: no status effects
A: retaliatory headbutt, horns 2
a: Berserk, Trog's Hand, Brothers in Arms, Renounce Religion


You were on level 5 of the Lair of Beasts.
You worshipped Trog.
Trog was greatly pleased with you.
You were very full.

You visited 3 branches of the dungeon, and saw 16 of its levels.
You also visited: Sewer.

You collected 1249 gold pieces.

Inventory:

Hand Weapons
 M - a +0 hand crossbow
 R - a +1 vampiric executioner's axe (weapon)
 S - a +4 war axe of holy wrath
Missiles
 F - 55 bolts
 G - 206 arrows
 N - 5 silver javelins (quivered)
Armour
 m - a +3 scale mail of cold resistance (worn)
 t - the +0 ring mail "Kiol" {rC+}
   (You found it in a sewer)

   It protects you from cold.
 D - a +0 plate armour
 E - a +1 cloak
 H - a +1 pair of gloves (worn)
 P - a scarf of spirit shield (worn)
Jewellery
 j - an amulet of the gourmand (around neck)
 o - an uncursed ring of resist corrosion
 s - an uncursed amulet of rage
 v - a +3 ring of dexterity (right hand)
 w - a +4 ring of evasion (left hand)
Wands
 a - a wand of paralysis (11)
 L - a wand of flame (19)
 O - a wand of polymorph (6)
 Q - a wand of clouds (6)
Scrolls
 b - 2 scrolls of acquirement
 f - 2 scrolls of enchant weapon {unknown}
 g - 3 scrolls of identify
 h - a scroll of fear {unknown}
 i - 8 scrolls of remove curse
 k - 5 scrolls of teleportation
 n - 2 scrolls of immolation {unknown}
 r - 7 scrolls of magic mapping
 u - 3 scrolls of enchant armour {unknown}
 y - 3 scrolls of blinking
 B - 2 scrolls of fog {unknown}
 T - a scroll of vulnerability {unknown}
Potions
 d - 2 potions of brilliance
 e - 9 potions of curing
 p - 2 potions of lignification
 q - 3 potions of cancellation
 x - 2 potions of mutation
 z - 3 potions of haste
 A - a potion of agility {unknown}
 I - a potion of flight {unknown}
 K - 3 potions of heal wounds
Miscellaneous
 J - a phantom mirror
Comestibles
 c - 38 rations


   Skills:
 + Level 15.1 Fighting
 + Level 15.1 Axes
 + Level 7.7 Crossbows
 - Level 2.4 Armour
 - Level 2.1 Dodging
 + Level 6.9 Evocations


You had 11 spell levels left.
You didn't know any spells.
Your spell library was empty.

Dungeon Overview and Level Annotations

Branches:
Dungeon (10/15)            Temple (1/1) D:6            Lair (5/6) D:10
  Swamp (0/4) Lair:2       Spider (0/4) Lair:3        Slime (0/5) Lair:5
    Orc: D:9-12

Altars:
Ashenzari
Cheibriados
Dithmenos
Elyvilon
Fedhas
Gozag
Hepliaklqana
Kikubaaqudgha
Makhleb
Nemelex Xobeh
Okawaru
Qazlal
Ru
Sif Muna
Trog
Uskayaw
Vehumet
Wu Jian
Xom
Yredelemnul
Zin
The Shining One
Jiyva

Shops:
D:4 (   D:7 !   D:8 (

Annotations:
D:9 3 runed translucent doors, prawnwizard's ghost, novice GnSk
Lair:3 3 runed translucent doors, Aniviunn's ghost, journeyman DEWz; Ceyvaan's ghost, journeyman DEFE; Sydobbih's ghost, journeyman GrEE; Uryr's ghost, journeyman KoHu


Innate Abilities, Weirdness & Mutations

You reflexively headbutt those who attack you in melee.
You have a pair of horns on your head.


Message History

The six-headed hydra bites you.
* * * LOW HITPOINT WARNING * * *
You fail to use your ability.
Okay, then.
Found 16 stones.
A dream sheep comes into view.
The dream sheep bleats!
A dream sheep comes into view. x2
The dream sheep shake their wool and sparkle.
You feel drowsy...
You fall asleep.
Found a leather armour.
The dream sheep bleats! x2
The six-headed hydra bites you!!
You wake up.
* * * LOW HITPOINT WARNING * * *
The six-headed hydra barely misses you.
The six-headed hydra bites you but does no damage.
The six-headed hydra bites you.
* * * LOW HITPOINT WARNING * * *
The six-headed hydra bites you.
You die...

.................................
.................................
.................................
.................................
................................P
.................................
P.........P..#.....#..._........P
#......P........D..#............P
#.....P.........@................
............#......P.............
#..........###...................
##....#......#.....PP.....#......
...............(................P
......≈≈≈≈≈ .....................
....≈≈≈≈≈ ≈≈....................
....≈≈≈≈≈ ≈≈≈....YY.Y............
...≈≈≈≈≈ .........


You could see a six-headed hydra and 3 dream sheep.

Vanquished Creatures
  A hydra (Lair:1)
  An orange crystal statue (D:10)
  2 oklob plants (Lair:1)
  Maurice (D:8)
  2 black mambas (Lair:3)
  11 spiny frogs
  5 komodo dragons
  A queen bee (Lair:3)
  A troll (D:10)
  2 tyrant leeches (Lair:2)
  A polar bear (Lair:4)
  Prince Ribbit (D:8)
  3 blink frogs (Lair:2)
  4 hippogriffs
  3 dream sheep (Lair:5)
  4 hogs (D:7)
  A human (D:7)
  Menkaure (D:7)
  2 swamp worms (Lair:2)
  7 water moccasins
  3 porcupines
  Duvessa (D:7)
  2 ice beasts (D:5)
  3 orc warriors
  2 sky beasts
  An eye of draining (D:8)
  A phantom (D:8)
  A necrophage (D:10)
  An ogre (D:4)
  3 centaurs
  3 wolves (D:10)
  4 crocodiles
  2 big kobolds (D:10)
  21 bullfrogs
  4 scorpions
  Dowan (D:7)
  A water moccasin skeleton (D:4)
  28 killer bees
  3 electric eels (D:10)
  A howler monkey (D:6)
  5 crimson imps
  8 hounds
  A quasit (D:6)
  A centaur zombie (D:8)
  An orc wizard (D:8)
  A centaur skeleton (D:8)
  4 jellies
  Crazy Yiuf (D:2)
  A gnoll shaman (D:8)
  2 orc priests (D:8)
  A bullfrog skeleton (D:4)
  7 iguanas
  4 worker ants
  Terence (D:2)
  A killer bee zombie (D:7)
  2 hound zombies
  A hound skeleton (D:7)
  A howler monkey zombie (D:8)
  2 worker ant zombies
  13 gnolls
  A howler monkey skeleton (D:4)
  12 adders
  A shadow imp (D:6)
  An ooze (D:6)
  3 adder skeletons
  A worm (D:4)
  4 leopard geckos
  14 orcs
  14 giant cockroaches
  3 goblins
  8 hobgoblins
  10 jackals
  16 kobolds
  6 ball pythons
  9 bats
  8 frilled lizards
  A jackal skeleton (D:4)
  6 rats
  2 fungi
  2 plants (Lair:1)
320 creatures vanquished.

Vanquished Creatures (collateral kills)
  3 hydras
  4 dream sheep (Lair:5)
  A water moccasin (Lair:4)
  4 wolves (Lair:4)
  A fungus (Lair:5)
13 creatures vanquished.

Vanquished Creatures (others)
  2 fungi (Lair:2)
  3 plants
  A withered plant (Lair:3)
6 creatures vanquished.

Grand Total: 339 creatures vanquished

Notes
Turn   | Place    | Note
-------+----------+-------------------------------------------
     0 | D:1      | IBeShadow the Minotaur Berserker began the quest for the
                  | Orb.
     0 | D:1      | Reached XP level 1. HP: 19/19 MP: 0/0
   242 | D:1      | Reached XP level 2. HP: 26/27 MP: 1/1
   812 | D:2      | Reached XP level 3. HP: 32/34 MP: 2/2
  1103 | D:2      | Reached ** piety under Trog
  1154 | D:2      | Noticed Terence
  1167 | D:2      | Killed Terence
  1167 | D:2      | Reached skill level 5 in Fighting
  1167 | D:2      | Reached skill level 5 in Axes
  1167 | D:2      | Reached XP level 4. HP: 34/42 MP: 3/3
  1409 | D:2      | Found a runed translucent door.
  1410 | D:2      | Noticed Crazy Yiuf
  1621 | D:2      | Found a shimmering altar of Xom.
  1621 | D:2      | Found a stormy altar of Qazlal.
  1831 | D:2      | Found a bloodstained altar of Trog.
  1833 | D:2      | Found a glowing silver altar of Zin.
  1835 | D:2      | Found an ancient bone altar of Kikubaaqudgha.
  1905 | D:2      | Killed Crazy Yiuf
  1905 | D:2      | Reached XP level 5. HP: 48/48 MP: 4/4
  2747 | D:3      | Found a glowing drain.
  2752 | Sewer    | Entered a sewer
  2917 | Sewer    | Reached *** piety under Trog
  2982 | Sewer    | Reached XP level 6. HP: 45/58 MP: 5/5
  3124 | Sewer    | Got a dazzling ring mail
  3138 | Sewer    | Identified the +0 ring mail "Kiol" {rC+} (You found it in a
                  | sewer)
  3220 | D:4      | Found Doloix's Antique Weapon Shop.
  3500 | D:4      | Reached XP level 7. HP: 16/66 MP: 6/6
  4770 | D:5      | Entered Level 5 of the Dungeon
  5218 | D:5      | Reached XP level 8. HP: 68/75 MP: 7/7
  5678 | D:6      | Found a bloodstained altar of Trog.
  6375 | D:6      | Found a staircase to the Ecumenical Temple.
  6570 | Temple   | Entered the Ecumenical Temple
  6804 | D:7      | Noticed Duvessa
  6807 | D:7      | Noticed Dowan
  6816 | D:7      | Killed Duvessa
  6821 | D:7      | Killed Dowan
  6929 | D:7      | Found a glowing golden altar of the Shining One.
  6952 | D:7      | Reached skill level 10 in Fighting
  6952 | D:7      | Reached skill level 10 in Axes
  7043 | D:7      | Reached **** piety under Trog
  7069 | D:7      | Found Muboischu's Distillery.
  7113 | D:7      | Noticed Menkaure
  7133 | D:7      | Killed Menkaure
  7133 | D:7      | Reached XP level 9. HP: 45/86 MP: 8/8
  7403 | D:7      | Found a radiant altar of Vehumet.
  7975 | D:8      | Noticed Maurice
  7984 | D:8      | Killed Maurice
  8290 | D:8      | Noticed Prince Ribbit
  8302 | D:8      | Killed Prince Ribbit
  8496 | D:8      | Found a sparkling altar of Nemelex Xobeh.
  8516 | D:8      | Reached XP level 10. HP: 80/99 MP: 9/9
  8668 | D:8      | Found Joniowipir's Antique Weapon Emporium.
  9094 | D:9      | Reached ***** piety under Trog
  9666 | D:9      | Found a runed translucent gate.
  9667 | D:9      | Found a runed translucent gate.
  9667 | D:9      | Noticed a ten-headed hydra
  9667 | D:9      | Noticed a nine-headed hydra
  9667 | D:9      | Noticed prawnwizard's ghost (novice GnSk)
  9668 | D:9      | Found a runed translucent gate.
  9694 | D:10     | Entered Level 10 of the Dungeon
  9736 | D:10     | Found a staircase to the Lair.
  9752 | D:10     | Reached skill level 1 in Evocations
 10121 | D:10     | Received a gift from Trog
 10161 | D:10     | Reached skill level 1 in Crossbows
 10254 | D:10     | Noticed an orange crystal statue
 10273 | D:10     | Killed an orange crystal statue
 10477 | Lair:1   | Entered Level 1 of the Lair of Beasts
 10506 | Lair:1   | Noticed a spiny frog
 10508 | Lair:1   | Noticed a spiny frog
 10513 | Lair:1   | Killed a spiny frog
 10516 | Lair:1   | Killed a spiny frog
 10619 | Lair:1   | Noticed a spiny frog
 10626 | Lair:1   | Killed a spiny frog
 10936 | Lair:1   | Noticed a four-headed hydra
 10977 | Lair:1   | Killed a four-headed hydra
 10977 | Lair:1   | Reached XP level 11. HP: 58/107 MP: 5/12
 10981 | Lair:1   | Received a gift from Trog
 11497 | Lair:1   | Noticed an oklob plant
 11498 | Lair:1   | Noticed an oklob plant
 11513 | Lair:1   | Killed an oklob plant
 11518 | Lair:1   | Killed an oklob plant
 11832 | Lair:1   | You fall through a shaft!
 12432 | Lair:2   | Reached skill level 5 in Crossbows
 12540 | Lair:2   | Reached skill level 5 in Evocations
 13460 | Lair:2   | Found a staircase to the Swamp.
 13841 | Lair:2   | Identified 2 scrolls of acquirement
 14102 | Lair:3   | Found a hole to the Spider Nest.
 14246 | Lair:3   | Found a runed translucent gate.
 14248 | Lair:3   | Found a runed translucent gate.
 14248 | Lair:3   | Found a runed translucent gate.
 14248 | Lair:3   | Noticed Sydobbih's ghost (journeyman GrEE)
 14248 | Lair:3   | Noticed Aniviunn's ghost (journeyman DEWz)
 14249 | Lair:3   | Noticed Ceyvaan's ghost (journeyman DEFE)
 14249 | Lair:3   | Noticed Uryr's ghost (journeyman KoHu)
 14330 | Lair:3   | Received a gift from Trog
 14431 | Lair:3   | Reached XP level 12. HP: 86/118 MP: 12/15
 14636 | Lair:3   | Noticed an eight-headed hydra
 14643 | Lair:3   | HP: 4/118 [nine-headed hydra (4)]
 14649 | Lair:3   | Killed a nine-headed hydra
 15624 | Lair:4   | Noticed a five-headed hydra
 15635 | Lair:4   | Killed a six-headed hydra
 16147 | Lair:5   | Noticed a five-headed hydra
 16154 | Lair:5   | Reached skill level 15 in Fighting
 16156 | Lair:5   | Killed a six-headed hydra
 16156 | Lair:5   | Reached skill level 15 in Axes
 16213 | Lair:5   | Found a radiant altar of Vehumet.
 16477 | Lair:5   | Found a viscous altar of Jiyva.
 16480 | Lair:5   | Found a staircase to the Slime Pits.
 16501 | Lair:5   | Noticed a five-headed hydra
 16539 | Lair:5   | HP: 3/119 [six-headed hydra (17)]
 16539 | Lair:5   | HP: 1/119 [six-headed hydra (2)]
 16539 | Lair:5   | Slain by a six-headed hydra

Skill      XL: |  1  2  3  4  5  6  7  8  9 10 11 12 |
---------------+-------------------------------------+-----
Fighting       | 4 5 6 7 8 10 12 13 14 15 | 15.1
Axes           | 4 5 6 7 8 10 12 13 14 15 | 15.1
Evocations     | 3 5 6 |  6.9
Crossbows      | 3 6 7 |  7.7
Armour         | |  2.4
Dodging        | |  2.1

Action                   |  1- 3 |  4- 6 |  7- 9 | 10-12 || total
-------------------------+-------+-------+-------+-------++-------
Melee: Hand axe          |    72 |   181 |   275 |       ||   528
       Headbutt          |    11 |    25 |    63 |    81 ||   180
       Battleaxe         |       |       |    39 |   152 ||   191
       Executioner's axe |       |       |       |   200 ||   200
 Fire: Hand crossbow     |       |       |       |     2 ||     2
Throw: Javelin           |       |       |       |     5 ||     5
Invok: Berserk           |       |     3 |     3 |     4 ||    10
       Trog's Hand       |       |     1 |       |       ||     1
       Brothers in Arms  |       |       |       |     5 ||     5
Evoke: Wand              |       |       |       |    21 ||    21
  Use: Scroll            |       |     6 |     2 |    11 ||    19
       Potion            |       |     2 |       |       ||     2
  Eat: Chunk             |     4 |    18 |    17 |    42 ||    81
Armor: Animal skin       |     6 |       |       |       ||     6
       Ring mail         |    10 |    17 |    18 |       ||    45
       Scale mail        |       |    87 |    89 |   157 ||   333
Dodge: Dodged            |    42 |   101 |   161 |   342 ||   646
